 Dungeon Crawl Stone Soup version 0.19.5 (webtiles) character file.

1203 JeffiDaFish the Cudgeler (level 8, -2/49 HPs)
             Began as a Gargoyle Fighter on Apr 1, 2017.
             Was an Initiate of Okawaru.
             Slain by miculber's ghost (8 damage)
             ... on level 6 of the Dungeon.
             The game lasted 00:10:49 (5322 turns).

JeffiDaFish the Cudgeler (Gargoyle Fighter)         Turns: 5322, Time: 00:10:49

Health: -2/49      AC: 17    Str: 20 (21) XL:     8   Next: 45%
Magic:  8/8        EV:  6    Int:  6 (8)  God:    Okawaru [......]
Gold:   405        SH: 10    Dex: 10 (11) Spells: 0 memorised, 7 levels left

rFire  . . .     SeeInvis .     r - +0 morningstar
rCold  . . .     Gourm    .     l - +0 chain mail
rNeg   + . .     Faith    .     c - +0 shield
rPois  ∞         Spirit   .     (no helmet)
rElec  +         Reflect  .     j - +1 cloak
rCorr  .         Harm     .     (no gloves)
MR     +....                    (no boots)
Stlth  ..........               (no amulet)
                                (no ring)
                                b - ring of protection from magic

@: no status effects
A: negative energy resistance 1, electricity resistance, unbreathing,
petrification resistance, rot immunity, AC +5
a: Renounce Religion


You were on level 6 of the Dungeon.
You worshipped Okawaru.
Okawaru was noncommittal.
You were not hungry.

You visited 2 branches of the dungeon, and saw 7 of its levels.

You collected 405 gold pieces.

Inventory:

Hand Weapons
 a - a +1 flail
 r - a +0 morningstar (weapon)
Armour
 c - a +0 shield (worn)
 j - a +1 cloak (worn)
 l - a +0 chain mail (worn)
Jewellery
 b - a ring of protection from magic (left hand)
Wands
 d - a wand of teleportation (6/9)
Scrolls
 e - 2 scrolls of remove curse
 m - 2 scrolls of teleportation
 p - 3 scrolls of identify
Potions
 g - a potion of flight
Comestibles
 f - 4 bread rations
 h - 2 meat rations
 i - 3 beef jerkies
 k - 2 fruits
 n - 2 slices of pizza
 o - 3 chunks of flesh


   Skills:
 + Level 5.2 Fighting
 + Level 6.6 Maces & Flails
 + Level 5.5 Armour
 + Level 1.4 Dodging
 + Level 5.9 Shields


You had 7 spell levels left.
You didn't know any spells.

Dungeon Overview and Level Annotations

Branches:
Dungeon (6/15)             Temple (1/1) D:4

Altars:
Ashenzari
Cheibriados
Dithmenos
Elyvilon
Fedhas
Gozag
Hepliaklqana
Makhleb
Okawaru
Qazlal
Ru
Trog
Uskayaw
Vehumet
Xom
Yredelemnul
Zin

Shops:
D:5 =

Annotations:
D:6 miculber's ghost, novice FoGl


Innate Abilities, Weirdness & Mutations

You are resistant to torment.
Your stone body is resilient. (AC +5)
You are immune to poison.
You resist negative energy. (rN+)
You are resistant to electric shocks. (rElec)
You can survive without breathing.
You are immune to petrification.
You are immune to rotting.


Message History

Miculber's ghost hits you but does no damage.
You hit miculber's ghost.
Miculber's ghost is severely damaged.
You block miculber's ghost's attack. x2
Your shield prevents you from hitting miculber's ghost.
Miculber's ghost is severely damaged.
Miculber's ghost completely misses you.
You hit miculber's ghost.
Miculber's ghost is severely damaged.
You block miculber's ghost's attack.
You puncture miculber's ghost!
Miculber's ghost is almost destroyed.
Miculber's ghost hits you!
* * * LOW HITPOINT WARNING * * *
You are too injured to fight recklessly!
You are too injured to fight recklessly!
You thump miculber's ghost!
Miculber's ghost is almost destroyed.
Miculber's ghost hits you!
You die...

#.##.#.#.#......#
#........##.##.###
#######.)###.<.....#
#........)....##.#.#
#.######.####.##.#.#
#.#### #.###.......#
#....# #......##.###
####.# #..##.......# .
#....# ##.##).@#.#.#
.##.##.# #.##.W.#.#.#
.......# ##.##...#.#.#
....##.# #.......#.#.#
###.##.###.#.....#.#.#
.##.##.#.............#####
#...#................(...#
#.###....#.##.).##.#####.#
#........#.##............#


You could see miculber's ghost.

Vanquished Creatures
  Grinder (D:4)
  A phantom (D:4)
  An ice beast (D:6)
  A centaur (D:5)
  2 scorpions
  A bullfrog zombie (D:5)
  A centaur zombie (D:5)
  3 orc wizards
  Crazy Yiuf (D:5)
  A centaur skeleton (D:4)
  An iguana (D:4)
  A bullfrog skeleton (D:5)
  Jessica (D:3)
  2 worker ants (D:4)
  The ghost of Meslamtaea the Ruffian, a weakling VSMo (D:4)
  A hound skeleton (D:4)
  6 adders
  10 gnolls
  3 oozes
  An adder skeleton (D:6)
  2 worms (D:2)
  7 dart slugs
  3 leopard geckos
  6 orcs
  6 bats
  7 giant cockroaches
  7 goblins
  8 hobgoblins
  7 jackals
  10 kobolds
  3 quokkas
  3 ball pythons
  3 frilled lizards
  A leopard gecko skeleton (D:4)
  2 quokka skeletons
  5 rats
120 creatures vanquished.

Vanquished Creatures (others)
  A wizard (D:5)
1 creature vanquished.

Grand Total: 121 creatures vanquished

Notes
Turn   | Place    | Note
-------+----------+-------------------------------------------
     0 | D:1      | JeffiDaFish the Gargoyle Fighter began the quest for the Orb.
     0 | D:1      | Reached XP level 1. HP: 14/14 MP: 1/1
   154 | D:1      | Reached XP level 2. HP: 14/19 MP: 2/2
   486 | D:2      | Reached XP level 3. HP: 23/23 MP: 3/3
   632 | D:2      | Reached XP level 4. HP: 14/29 MP: 4/4
   960 | D:2      | Reached skill level 3 in Maces & Flails
  1156 | D:2      | Found a bloodstained altar of Trog.
  1256 | D:2      | Reached XP level 5. HP: 29/33 MP: 5/5
  1685 | D:2      | Reached skill level 1 in Dodging
  1964 | D:3      | Found a faded altar of an unknown god.
  2115 | D:3      | Noticed Jessica
  2125 | D:3      | Killed Jessica
  2616 | D:4      | Reached XP level 6. HP: 38/38 MP: 6/6
  2619 | D:4      | Reached skill level 4 in Maces & Flails
  3108 | D:4      | Noticed a phantom
  3124 | D:4      | Noticed Meslamtaea's ghost (weakling VSMo)
  3131 | D:4      | Killed Meslamtaea's ghost
  3141 | D:4      | Found a staircase to the Ecumenical Temple.
  3150 | Temple   | Entered the Ecumenical Temple
  3480 | D:4      | Killed a phantom
  3480 | D:4      | Reached skill level 5 in Shields
  3480 | D:4      | Reached XP level 7. HP: 39/44 MP: 7/7
  3656 | D:4      | Found a sacrificial altar of Ru.
  3704 | D:4      | Noticed Grinder
  3713 | D:4      | Killed Grinder
  3713 | D:4      | Reached skill level 5 in Maces & Flails
  3713 | D:4      | Reached skill level 5 in Armour
  3927 | D:5      | Entered Level 5 of the Dungeon
  4031 | D:5      | Found a runed door.
  4035 | D:5      | Noticed Crazy Yiuf
  4039 | D:5      | Killed Crazy Yiuf
  4156 | D:5      | Reached XP level 8. HP: 16/48 MP: 8/8
  4160 | D:5      | Reached skill level 6 in Maces & Flails
  4466 | D:5      | Found a bloodstained altar of Trog.
  4509 | D:5      | Found an iron altar of Okawaru.
  4509 | D:5      | Found a faded altar of an unknown god.
  4517 | D:5      | Found a basalt altar of Yredelemnul.
  4522 | D:5      | Became a worshipper of Warmaster Okawaru
  4525 | D:5      | Found a snail-covered altar of Cheibriados.
  4528 | D:5      | Found a faded altar of an unknown god.
  4651 | D:5      | Found Tufiow's Jewellery Shop.
  4715 | D:5      | Noticed a wizard
  4719 | D:5      | Killed a wizard
  4772 | D:6      | Reached skill level 5 in Fighting
  4791 | D:6      | Noticed miculber's ghost (novice FoGl)
  5322 | D:6      | Slain by miculber's ghost

Skill      XL: |  1  2  3  4  5  6  7  8 |
---------------+-------------------------+-----
Shields        | 4 5 |  5.9
Maces & Flails | 3 4 5 6 |  6.6
Armour         | 4 5 |  5.5
Dodging        | 1 |  1.4
Fighting       | 4 5 |  5.2

Action                   |  1- 3 |  4- 6 |  7- 9 || total
-------------------------+-------+-------+-------++-------
Melee: Flail             |    98 |   314 |    34 ||   446
       Morningstar       |       |       |   141 ||   141
  Use: Scroll            |     3 |     3 |     5 ||    11
       Potion            |     1 |     6 |     5 ||    12
  Eat: Chunk             |       |     9 |     7 ||    16
Armor: Scale mail        |    61 |   115 |       ||   176
       Chain mail        |       |    65 |   102 ||   167
Dodge: Dodged            |    36 |    88 |    34 ||   158
Block: Shield            |    54 |   184 |   100 ||   338
